Map: Lerilak Crest

Players

Cereal - Winner!

  • Race: Zerg Zerg

Empyreus - Winner!

  • Race: Zerg Zerg

Frankie

  • Race: Protoss Protoss

Chris

  • Race: Protoss Protoss

VOD

Have the link to the VOD?

Description

Time

  • Played on: May 1, 2015, 9:25 p.m.
  • Length: 12:40
Show
View Real Time Build Order
Export as new Build Order

Cereal Zerg - Winner!

Build Orders: Hatch First 

Get SALT Encoding   

  12  0:02  Drone  
  13  0:32  Hatchery  
  13  0:35  Drone  
  13  0:39  Drone  
  14  0:44  Extractor  
  14  0:45  Drone  
  14  1:03  Spawning Pool  
  13  1:08  Drone  
  15  1:38  Hatchery  
  14  1:40  Spawning Pool  
  14  1:45  Drone  
  14  1:49  Drone  
  15  1:54  Drone  
  15  1:57  Drone  
  17  2:01  Drone  
  17  2:05  Drone  
  19  2:11  Drone  
  20  2:24  Overlord  
  20  2:28  Metabolic Boost  
  20  2:42  Queen  
  20  2:43  Drone x4  
  26  2:48  Drone x2  
  28  2:54  Drone x2  
  28  2:55  Drone  
  31  3:00  Overlord  
  31  3:05  Zergling x4  
  33  3:13  Drone  
  33  3:18  Queen  
  36  3:28  Drone x2  
  36  3:30  Drone x3  
  41  3:35  Drone  
  41  3:39  Overlord x2  
  42  3:56  Queen  
  42  3:58  Drone  
  42  3:59  Drone x6, Extractor  
  50  4:12  Overlord x2  
  50  4:23  Overlord  
  50  4:31  Drone  
  51  4:32  Drone x7  
  51  4:37  Lair  
  58  4:39  Drone x6, Extractor x2  
  58  4:44  Drone  
  63  4:50  Drone x2  
  63  4:51  Burrow  
  59  4:53  Spore Crawler  
  59  4:54  Drone x5, Spore Crawler  
  59  4:58  Drone  
  63  5:00  Spore Crawler  
  63  5:02  Drone  
  63  5:03  Extractor x2  
  63  5:05  Drone x4  
  63  5:06  Drone  
  68  5:14  Drone x5  
  69  5:15  Drone  
  69  5:18  Overlord  
  74  5:22  Extractor x2  
  74  5:23  Drone  
  74  5:24  Drone  
  74  5:27  Drone  
  73  5:35  Spire  
  72  5:36  Drone  
  73  5:45  Zergling x14  
  73  5:48  Hatchery  
  79  5:50  Overlord x2  
  79  6:01  Drone  
  80  6:10  Drone x10  
  90  6:15  Drone x2  
  92  6:19  Hatchery  
  92  6:21  Drone  
  92  6:22  Drone x6  
  92  6:23  Overlord  
  92  6:24  Overlord  
  98  6:46  Mutalisk x8  
  103  6:47  Mutalisk  
  103  6:51  Mutalisk, Extractor  
  103  6:52  Mutalisk, Extractor  
  114  6:57  Extractor  
  114  6:58  Mutalisk  
  114  6:59  Mutalisk x2, Extractor  
  114  7:01  Overlord x2  
  115  7:04  Zerg Flyer Weapons Level 1  
  108  7:09  Drone x6  
  108  7:10  Drone x2  
  115  7:21  Drone x9  
  122  7:28  Drone  
  123  7:47  Mutalisk x7  
  123  7:48  Overlord x2  
  123  7:49  Overlord  
  123  7:50  Mutalisk  
  139  8:00  Mutalisk  
  139  8:01  Hatchery, Overlord x2  
  139  8:02  Overlord  
  140  8:09  Mutalisk x2  
  140  8:10  Mutalisk  
  146  8:14  Mutalisk  
  146  8:18  Mutalisk x2  
  152  8:24  Corruptor  
  152  8:25  Corruptor  
  156  8:28  Corruptor  
  156  8:34  Corruptor x2  
  158  8:38  Corruptor  
  158  8:40  Hatchery  
  159  8:46  Zergling x16  
  153  9:02  Corruptor x3  
  147  9:03  Corruptor  
  153  9:15  Drone  
  153  9:16  Drone x8, Mutalisk  
  164  9:21  Zerg Flyer Weapons Level 2  
  156  9:39  Zergling x22  
  157  9:58  Mutalisk x3  
  157  9:59  Mutalisk x5, Extractor  
  172  10:00  Overlord x4, Extractor  
  171  10:09  Hatchery  
  171  10:14  Overlord x4  
  164  10:24  Mutalisk x2  
  164  10:25  Mutalisk  
  165  10:34  Drone  
  165  10:35  Drone x10  
  176  10:39  Zergling x2  
  176  10:40  Zergling x6  
  178  10:49  Hatchery  
  173  10:51  Infestation Pit  
  172  10:59  Mutalisk x10  
  172  11:01  Mutalisk  
  172  11:02  Mutalisk  
  196  11:04  Mutalisk  
  196  11:06  Mutalisk  
  196  11:08  Mutalisk  
  196  11:10  Mutalisk  
  200  11:28  Hive  
  200  12:09  Hatchery  
  195  12:31  Hatchery  
  195  12:33  Hatchery  
Show
View Real Time Build Order
Export as new Build Order

Empyreus Zerg - Winner!

Build Orders:  

Get SALT Encoding   

  12  0:00  Probe  
  13  0:17  Pylon  
  13  0:18  Probe  
  14  0:31  Probe  
  15  0:40  Probe  
  16  0:52  Probe  
  17  1:00  Nexus  
  17  1:03  Probe  
  18  1:13  Probe  
  18  1:14  Gateway  
  19  1:24  Assimilator  
  19  1:28  Assimilator  
  19  1:29  Probe  
  20  1:37  Probe  
  20  1:46  Pylon  
  21  1:48  Probe  
  22  2:02  Probe  
  22  2:03  Cybernetics Core  
  23  2:10  Probe, Zealot  
  23  2:12  Probe  
  27  2:21  Probe  
  28  2:27  Probe  
  29  2:33  Probe  
  29  2:36  Probe  
  30  2:39  Pylon  
  30  2:41  Probe, Warp Gate  
  31  2:45  Mothership Core  
  34  2:51  Stalker  
  36  3:01  Pylon  
  36  3:04  Probe, Stargate  
  36  3:06  Probe  
  38  3:14  Probe  
  38  3:18  Probe  
  40  3:26  Probe  
  40  3:29  Probe  
  41  3:38  Gateway, Probe  
  41  3:39  Gateway, Oracle  
  41  3:40  Probe  
  42  3:41  Gateway  
  46  3:50  Probe  
  47  3:58  Probe  
  47  4:01  Probe  
  49  4:05  Forge  
  49  4:07  Probe  
  49  4:13  Probe  
  49  4:15  Probe  
  51  4:18  Void Ray  
  52  4:24  Probe, Assimilator  
  52  4:25  Probe  
  52  4:30  Protoss Ground Weapons Level 1  
  58  4:31  Assimilator  
  58  4:36  Probe  
  58  4:38  Probe  
  60  4:55  Pylon  
  60  4:57  Pylon x2  
  60  5:00  Pylon x2  
  60  5:04  Pylon  
  60  5:08  Stargate  
  60  5:11  Pylon  
  60  5:13  Probe x2  
  62  5:16  Nexus  
  62  5:20  Sentry x2  
  66  5:25  Probe  
  66  5:27  Probe  
  68  5:35  Probe  
  68  5:37  Twilight Council, Probe  
  70  5:43  Gateway  
  70  5:45  Void Ray, Pylon, Probe  
  70  5:49  Probe  
  72  5:55  Void Ray  
  76  5:57  Probe  
  76  6:00  Stalker x2  
  81  6:10  Probe x2  
  87  6:18  Pylon  
  87  6:20  Void Ray  
  87  6:22  Probe  
  88  6:32  Probe x2  
  94  6:37  Nexus  
  94  6:40  Pylon  
  94  6:45  Zealot x2  
  97  6:50  Photon Cannon  
  101  7:02  Probe  
  101  7:05  Pylon  
  101  7:07  Zealot  
  108  7:09  Sentry  
  108  7:12  Pylon  
  108  7:13  Phoenix  
  108  7:14  Phoenix  
  110  7:16  Gateway, Protoss Air Weapons Level 1  
  103  7:26  Fleet Beacon  
  103  7:29  Stalker  
  105  7:30  Phoenix  
  105  7:33  Probe x2, Phoenix  
  105  7:34  Probe  
  112  7:45  Probe  
  112  7:46  Pylon  
  112  7:47  Photon Cannon  
  113  7:53  Assimilator  
  113  7:57  Assimilator  
  113  8:03  Protoss Ground Weapons Level 2  
  111  8:06  Phoenix  
  111  8:07  Phoenix  
  111  8:23  Stalker x3  
  117  8:33  Phoenix  
  117  8:34  Phoenix  
  111  8:58  Phoenix  
  111  9:00  Phoenix  
  111  9:06  Probe  
  111  9:08  Probe  
  112  9:10  Probe x2  
  112  9:11  Stalker x3  
  112  9:16  Gateway  
  121  9:20  Probe, Photon Cannon  
  121  9:23  Phoenix  
  116  9:30  Stalker x2  
  116  9:31  Stalker  
  102  9:36  Stalker x2  
  102  9:42  Phoenix  
  102  9:43  Stalker  
  96  9:48  Phoenix  
  100  9:58  Stalker  
  100  9:59  Pylon  
  100  10:02  Phoenix  
  100  10:06  Stalker x2, Probe  
  100  10:07  Stalker x2  
  106  10:12  Probe  
  112  10:16  Stalker  
  112  10:21  Phoenix  
  112  10:25  Stalker x2  
  116  10:32  Stalker  
  116  10:33  Stalker x2  
  118  10:42  Probe  
  108  10:43  Stalker, Probe  
  108  10:44  Probe  
  108  10:46  Phoenix  
  113  10:51  Probe  
  113  10:54  Stalker x2  
  113  10:55  Probe  
  109  10:58  Stalker x3  
  93  11:42  Pylon  
  93  11:44  Pylon  
  93  11:47  Templar Archives  
  93  11:49  Pylon  
  93  11:51  Mothership Core  
  93  11:57  Stalker x5  
  93  11:58  Stalker  
  104  12:17  Assimilator  
  104  12:19  Photon Cannon  
  104  12:20  Photon Cannon x2  
  76  12:23  Photon Cannon  
  76  12:27  High Templar  
Show
View Real Time Build Order
Export as new Build Order

Frankie Protoss 

Build Orders:  

Get SALT Encoding   

Show
View Real Time Build Order
Export as new Build Order

Chris Protoss 

Build Orders:  

Get SALT Encoding   

Tags
 
Add a new tag
Caveats
  • Supply blocks, unpowered buildings, or Contaminate may cause inaccurate times.
  • Supply counts are checked every 10 seconds.